 Dungeon Crawl Stone Soup version 0.22-a0-284-g99d1f74 (webtiles) character file.

30414 ohad the Grappler (level 13, -2/128 HPs)
             Began as a Troll Monk on Mar 20, 2018.
             Was the Champion of Okawaru.
             Slain by Karim's ghost (29 damage)
             ... on level 3 of the Lair of Beasts.
             The game lasted 00:26:08 (10675 turns).

ohad the Grappler (Troll Monk)                     Turns: 10675, Time: 00:26:09

Health: -2/128     AC:  9    Str: 22    XL:     13   Next: 20%
Magic:  0/14       EV: 19    Int:  6    God:    Okawaru [******]
Gold:   758        SH: 14    Dex: 16    Spells: 12/12 levels left

rFire    . . .     SeeInvis .     - Unarmed
rCold    . . .     Gourm    +   H - +0 shield
rNeg     . . .     Faith    .   G - +0 troll leather armour
rPois    .         Spirit   +   y - +2 hat
rElec    .         Reflect  .   (no cloak)
rCorr    .         Harm     .   (gloves unavailable)
MR       +....                  (boots unavailable)
Stlth    ++++......             q - amulet of guardian spirit
HPRegen  1.11/turn              e - ring of the Final Chapter {Wiz Stlth+}
MPRegen  0.14/turn              s - ring of protection from magic

@: heroism
A: large, unfitting armour, claws 3, fast metabolism 3, gourmand, regeneration
1, shaggy fur 1, tough skin 2
a: Heroism, Finesse, Renounce Religion


You were on level 3 of the Lair of Beasts.
You worshipped Okawaru.
Okawaru was exalted by your worship.
You were completely stuffed.

You visited 3 branches of the dungeon, and saw 14 of its levels.
You also visited: Sewer and Ossuary.

You collected 758 gold pieces.

Inventory:

Hand Weapons
 p - a +0 hand crossbow
 v - a +1 vampiric dagger
 U - a +0 dagger of venom
 V - the +7 bardiche of Destruction {chop, rElec rPois Dex-2, unknown}
   (Okawaru gifted it to you on level 3 of the Lair of Beasts)

   It inflicts extra damage upon your enemies.
   It affects your dexterity (-2).
   It insulates you from electricity.
   It protects you from poison.
Missiles
 A - 5 javelins of returning
 F - 81 bolts
 O - 4 large rocks (quivered)
Armour
 a - a +0 robe
 y - a +2 hat (worn)
 G - a +0 troll leather armour (worn)
 H - a +0 shield (worn)
 I - a +2 robe of magic resistance
 R - a +2 robe of cold resistance
 T - a +1 robe of magic resistance
Jewellery
 e - the ring of the Final Chapter (left claw) {Wiz Stlth+}
   (You found it on level 6 of the Dungeon)

   [ring of wizardry]

   It improves your spell success rate.
   It makes you more stealthy.
 n - an uncursed ring of flight
 q - an amulet of guardian spirit (around neck)
 s - a ring of protection from magic (right claw)
 x - an uncursed ring of resist corrosion
 Q - an uncursed ring of ice
Wands
 h - a wand of flame (54)
 u - a wand of acid (9)
 w - a wand of polymorph (16)
Scrolls
 d - 10 scrolls of remove curse
 f - 2 scrolls of enchant weapon {unknown}
 k - 7 scrolls of teleportation
 o - 2 scrolls of fog {unknown}
 r - 2 scrolls of enchant armour {unknown}
 D - a scroll of fear {unknown}
 J - a scroll of immolation {unknown}
 K - 2 scrolls of magic mapping {unknown}
 L - 3 scrolls of vulnerability {unknown}
 M - a scroll of brand weapon {unknown}
 N - a scroll of amnesia {unknown}
Potions
 c - 6 potions of flight
 g - a potion of magic {unknown}
 i - 4 potions of brilliance {unknown}
 j - 3 potions of heal wounds {unknown}
 l - 8 potions of curing {unknown}
 m - a potion of resistance
 t - 5 potions of haste {unknown}
 z - a potion of agility
 B - a potion of berserk rage
 C - 4 potions of lignification
 E - 3 potions of might {unknown}
Miscellaneous
 P - a phantom mirror
Comestibles
 b - 31 rations
 S - 5 chunks of flesh


   Skills:
 - Level 8.5(13.5) Fighting
 - Level 5.6(10.6) Throwing
 + Level 8.4(13.4) Dodging
 - Level 1.0(6.0) Stealth
 - Level 10.0(15.0) Shields
 - Level 10.4(15.4) Unarmed Combat
 - Level 3.9 Invocations


You had 12 spell levels left.
You didn't know any spells.

Dungeon Overview and Level Annotations

Branches:
Dungeon (10/15)            Temple (1/1) D:4            Lair (3/6) D:9
    Orc (0/2) D:9
  Swamp: Lair:2-4    Shoals: Lair:2-4     Snake: Lair:2-4    Spider: Lair:2-4

Altars:
Ashenzari
Cheibriados
Dithmenos
Elyvilon
Fedhas
Gozag
Hepliaklqana
Kikubaaqudgha
Makhleb
Nemelex Xobeh
Okawaru
Qazlal
Ru
Sif Muna
Trog
Uskayaw
Vehumet
Wu Jian
Xom
Yredelemnul
Zin
The Shining One

Annotations:
D:5 1 runed door
Lair:3 Karim's ghost, journeyman FeTm; Rupert


Innate Abilities, Weirdness & Mutations

You are too large for most types of armour.
You have claws for hands.
Your metabolism is lightning-fast.
You like to eat raw meat.
Your natural rate of healing is unusually fast.
You are covered in fur. (AC +1)
You have very tough skin. (AC +2)


Message History

You miss Karim's ghost. You block Karim's ghost's attack.
Some of the chunks of flesh in your inventory have rotted away.
You miss Karim's ghost. You miss Karim's ghost.
Karim's ghost barely misses you.
You closely miss Karim's ghost. Karim's ghost hits you!!
You miss Karim's ghost. Karim's ghost hits you!
You completely miss Karim's ghost. Karim's ghost barely misses you.
You gain the combat prowess of a mighty hero.
Karim's ghost hits you!!
* * * LOW HITPOINT WARNING * * *
You mangle Karim's ghost!!
Karim's ghost is heavily damaged.
You miss Karim's ghost.
Karim's ghost is heavily damaged.
Karim's ghost misses you.
You completely miss Karim's ghost.
Karim's ghost is heavily damaged.
Karim's ghost whispers, "Death doesn't hurt.
What you feel is life." Karim's ghost hits you!!
You die...

...#####.......# .......).......#
...............# ...............#
#. ######### .........^.....##
#.####...#P..##
................###..............
...............###...#..P#.#.#...
####P####......####.#........#...
P# ## ###....#@##..........+...
## ### ##.#....W###..........P...
P###.###..#.............#..#.....
.................................
####.######...#P##..#..#..####..#
### ################# ####


You could see Karim's ghost.

Vanquished Creatures
  Fannar (Lair:1)
  2 hydras (Lair:1)
  2 two-headed ogres
  The ghost of Patate the Cleaver, a novice HOFi of Makhleb (Lair:1)
  Nergalle (Lair:2)
  An ugly thing (D:10)
  A black mamba (Lair:2)
  4 spiny frogs (Lair:2)
  4 komodo dragons
  A queen bee (Lair:1)
  A hornet (D:9)
  A troll (D:10)
  10 blink frogs
  2 hippogriffs
  6 yaks (D:10)
  A wyvern (Lair:2)
  2 steam dragons
  3 water moccasins (Lair:1)
  A porcupine (Lair:2)
  2 sky beasts
  Purgy (Sewer)
  4 ice beasts
  2 black bears
  3 phantoms
  An eye of draining (D:10)
  8 ogres
  3 crocodiles
  2 centaurs
  2 big kobolds
  10 bullfrogs
  6 scorpions
  A wyvern skeleton (D:10)
  23 killer bees
  3 howler monkeys (D:7)
  14 wights
  6 crimson imps
  A centaur zombie (Ossuary)
  A human zombie (Ossuary)
  A jelly (D:7)
  2 bullfrog skeletons
  3 centaur skeletons
  4 orc priests
  5 hounds
  6 orc wizards
  Jessica (D:2)
  2 iguanas
  Terence (D:3)
  9 worker ants
  2 big kobold zombies (Ossuary)
  A hound skeleton (D:7)
  3 mummies
  Robin (D:2)
  A howler monkey zombie (D:6)
  2 worker ant zombies
  4 gnolls (D:6)
  14 adders
  An adder zombie (Ossuary)
  2 adder skeletons (D:7)
  2 worms
  3 dart slugs (D:1)
  5 leopard geckos
  19 orcs
  7 giant cockroaches
  12 goblins
  8 hobgoblins
  11 jackals
  3 quokkas
  4 ball pythons
  2 ball python skeletons
  9 bats
  7 frilled lizards
  2 goblin zombies
  5 hobgoblin zombies (Ossuary)
  A jackal skeleton (D:4)
  A jackal zombie (Ossuary)
  14 kobolds
  12 kobold zombies (Ossuary)
  2 leopard gecko skeletons
  A leopard gecko zombie (D:5)
  9 orc zombies
  A rat (D:3)
  5 rat zombies (Ossuary)
348 creatures vanquished.

Vanquished Creatures (others)
  A goblin (D:2)
  A hobgoblin (D:2)
2 creatures vanquished.

Grand Total: 350 creatures vanquished

Notes
Turn   | Place    | Note
-------+----------+-------------------------------------------
     0 | D:1      | ohad the Troll Monk began the quest for the Orb.
     0 | D:1      | Reached XP level 1. HP: 22/22 MP: 0/0
   217 | D:1      | Reached XP level 2. HP: 29/29 MP: 1/1
   626 | D:2      | Noticed Robin
   644 | D:2      | Reached XP level 3. HP: 24/36 MP: 2/2
   655 | D:2      | Killed Robin
   721 | D:2      | Noticed Jessica
   728 | D:2      | Killed Jessica
   728 | D:2      | Reached skill level 5 in Unarmed Combat
   728 | D:2      | Reached XP level 4. HP: 44/44 MP: 3/3
  1018 | D:2      | Found a deep blue altar of Sif Muna.
  1283 | D:3      | Noticed Terence
  1290 | D:3      | Killed Terence
  1345 | D:3      | Noticed an ice beast
  1353 | D:3      | Killed an ice beast
  1353 | D:3      | Reached XP level 5. HP: 34/50 MP: 4/4
  1700 | D:3      | Reached XP level 6. HP: 59/59 MP: 5/5
  2438 | D:4      | Reached XP level 7. HP: 49/66 MP: 1/6
  2687 | D:4      | Found a staircase to the Ecumenical Temple.
  2697 | Temple   | Entered the Ecumenical Temple
  2818 | Temple   | Became a worshipper of Warmaster Okawaru
  2818 | Temple   | Reached * piety under Okawaru
  2818 | Temple   | Reached ** piety under Okawaru
  3136 | D:5      | Entered Level 5 of the Dungeon
  3847 | D:5      | Found a runed door.
  3849 | D:5      | Found a runed door.
  3855 | D:5      | Reached XP level 8. HP: 74/74 MP: 4/7
  3861 | D:5      | Reached skill level 10 in Unarmed Combat
  4082 | D:6      | Reached skill level 1 in Invocations
  4170 | D:6      | Reached *** piety under Okawaru
  4278 | D:6      | Found a sand-covered staircase.
  4283 | Ossuary  | Entered an ossuary
  4574 | D:6      | Got a crude jade ring
  4658 | D:6      | Found a glowing drain.
  4667 | Sewer    | Entered a sewer
  4695 | Sewer    | Noticed Purgy
  4703 | Sewer    | Killed Purgy
  4703 | Sewer    | Reached XP level 9. HP: 69/81 MP: 5/10
  5001 | D:7      | Noticed a two-headed ogre
  5016 | D:7      | Killed a two-headed ogre
  5016 | D:7      | Reached **** piety under Okawaru
  5016 | D:7      | Reached skill level 5 in Dodging
  5129 | D:7      | Reached skill level 1 in Shields
  5990 | D:7      | Reached XP level 10. HP: 92/92 MP: 11/11
  6079 | D:8      | Reached skill level 5 in Shields
  6145 | D:8      | Identified the ring of the Final Chapter {Wiz Stlth+} (You found it on level 6 of the Dungeon)
  6720 | D:9      | Reached ***** piety under Okawaru
  6959 | D:9      | Noticed a two-headed ogre
  6972 | D:9      | Killed a two-headed ogre
  7055 | D:9      | Found a staircase to the Lair.
  7216 | D:9      | Found a staircase to the Orcish Mines.
  7423 | D:10     | Entered Level 10 of the Dungeon
  7599 | D:10     | Received a gift from Okawaru
  7698 | D:10     | Reached XP level 11. HP: 100/100 MP: 12/12
  7729 | D:10     | Reached skill level 1 in Throwing
  7942 | D:10     | Noticed a cyan ugly thing
  7955 | D:10     | Killed a cyan ugly thing
  8308 | Lair:1   | Entered Level 1 of the Lair of Beasts
  8377 | Lair:1   | Reached ****** piety under Okawaru
  8517 | Lair:1   | Noticed a seven-headed hydra
  8525 | Lair:1   | Killed a seven-headed hydra
  8525 | Lair:1   | Received a gift from Okawaru
  8525 | Lair:1   | Reached skill level 10 in Shields
  8581 | Lair:1   | Noticed Patate's ghost (novice HOFi)
  8596 | Lair:1   | Killed Patate's ghost
  8621 | Lair:1   | Noticed Fannar
  8653 | Lair:1   | Killed Fannar
  8772 | Lair:1   | Noticed a five-headed hydra
  8782 | Lair:1   | Killed a five-headed hydra
  8782 | Lair:1   | Reached skill level 5 in Throwing
  8908 | Lair:1   | Reached skill level 5 in Fighting
  9521 | Lair:2   | Noticed Nergalle
  9537 | Lair:2   | Killed Nergalle
  9537 | Lair:2   | Reached XP level 12. HP: 38/115 MP: 4/13
  9737 | Lair:2   | Reached XP level 13. HP: 106/128 MP: 12/14
  9774 | Lair:2   | Received a gift from Okawaru
  9775 | Lair:2   | Found a labyrinth entrance.
 10440 | Lair:3   | Received a gift from Okawaru
 10449 | Lair:3   | Got a warped bardiche {god gift}
 10602 | Lair:3   | Noticed Karim's ghost (journeyman FeTm)
 10606 | Lair:3   | Noticed Rupert
 10675 | Lair:3   | Slain by Karim's ghost

Vault maps used:
D:1:      minmay_arrival_radiant_lines
D:2:      lemuel_round_altar, uniq_robin, uniq_jessica
D:3:      first_ration, uniq_terence
D:4:      temple_hall
D:5:      lemuel_insect_pit
D:6:      nicolae_ossuary_entry_giza, cheibrodos_sewer_entry_drain, minivault_22
D:9:      dpeg_oklobed_lair
Temple:   kilobyte_greek_temple
Lair:1:   special_room, grunt_megastairs_5, uniq_fannar
Lair:2:   lab_entry_generic, ldierk_geyser, uniq_nergalle
Lair:3:   patterned_corridor, uniq_rupert, uniq_urug
Sewer:    sewer_co_purgy_island
Ossuary:  ossuary_tomb_1

Skill      XL: |  1  2  3  4  5  6  7  8  9 10 11 12 13 |
---------------+----------------------------------------+-----
Unarmed Combat | 4 5 6 8 9 10 | 10.4
Invocations    | 3 |  3.9
Dodging        | 3 5 7 8 |  8.4
Fighting       | 3 4 6 8 |  8.5
Shields        | 4 9 10 | 10.0
Throwing       | 5 |  5.6
Stealth        | |  1.0

Action                   |  1- 3 |  4- 6 |  7- 9 | 10-12 | 13-15 || total
-------------------------+-------+-------+-------+-------+-------++-------
Melee: Unarmed           |    72 |   136 |   424 |   527 |    88 ||  1247
       Punch             |     1 |     3 |    20 |       |       ||    24
Throw: Large rock        |       |       |       |     8 |       ||     8
Invok: Heroism           |       |       |     6 |     8 |     2 ||    16
  Use: Scroll            |       |       |     4 |     5 |     2 ||    11
       Potion            |       |       |       |     2 |       ||     2
 Stab: Sleeping          |     2 |     3 |     1 |     8 |     1 ||    15
  Eat: Chunk             |    12 |    16 |    31 |    36 |     9 ||   104
Armor: Robe              |    33 |    32 |   124 |    70 |       ||   259
       Troll leather arm |       |       |       |    35 |     8 ||    43
       Skin              |       |       |       |     8 |       ||     8
Dodge: Dodged            |    50 |    64 |   190 |   184 |    38 ||   526
Block: Shield            |       |       |    58 |   270 |    51 ||   379

Table legend:
 A = Spawn XP
 B = Non-spawn XP
 C = Spawn XP percentage of total XP
 D = Spawn monster count
 E = Non-spawn monster count
 F = Spawn count percentage of total count
 G = Total turns spent on level
                    A         B        C        D         E        F      G
               +---------+---------+-------+---------+---------+-------+---------
         Total |       0 |   26443 |   0.0 |       0 |     348 |   0.0 | 10675
               +---------+---------+-------+---------+---------+-------+---------
           D:1 |       0 |      31 |   0.0 |       0 |      14 |   0.0 |   597
           D:2 |       0 |      95 |   0.0 |       0 |      21 |   0.0 |   660
           D:3 |       0 |     365 |   0.0 |       0 |      34 |   0.0 |   987
           D:4 |       0 |     485 |   0.0 |       0 |      16 |   0.0 |   739
           D:5 |       0 |     847 |   0.0 |       0 |      30 |   0.0 |   927
           D:6 |       0 |     702 |   0.0 |       0 |      21 |   0.0 |   497
           D:7 |       0 |    2780 |   0.0 |       0 |      42 |   0.0 |  1117
           D:8 |       0 |    1628 |   0.0 |       0 |      22 |   0.0 |   609
           D:9 |       0 |    2156 |   0.0 |       0 |      19 |   0.0 |   806
          D:10 |       0 |    3425 |   0.0 |       0 |      30 |   0.0 |   845
        Lair:1 |       0 |    6652 |   0.0 |       0 |      29 |   0.0 |  1039
        Lair:2 |       0 |    5753 |   0.0 |       0 |      20 |   0.0 |  1054
        Lair:3 |       0 |    1145 |   0.0 |       0 |       4 |   0.0 |   274
         Sewer |       0 |     164 |   0.0 |       0 |       7 |   0.0 |   125
       Ossuary |       0 |     215 |   0.0 |       0 |      39 |   0.0 |   246
               +---------+---------+-------+---------+---------+-------+---------
